 Dungeon Crawl Stone Soup version 0.30-a0-782-ge64f9170bb (webtiles) character file.

Game seed: 10168296313219546260

665 HoaS the Skirmisher (level 7, -4/40 HPs)
             Began as a Gargoyle Hunter on Mar 8, 2023.
             Slain by Pikel
             ... wielding a +2 whip of freezing
              (7 damage)
             ... on level 4 of the Dungeon.
             The game lasted 00:08:28 (3884 turns).

HoaS the Skirmisher (Gargoyle Hunter)               Turns: 3884, Time: 00:08:28

Health: -4/40      AC: 13    Str: 14    XL:     7   Next: 57%
Magic:  7/7        EV: 11    Int: 10    God:
Gold:   229        SH:  0    Dex: 15    Spells: 6/6 levels left

rFire   + . .      SeeInvis .    k - +0 arbalest
rCold   . . .      Faith    .    (shield currently unavailable)
rNeg    + . .      Spirit   .    c - +0 leather armour
rPois   ∞          Reflect  .    h - +2 hat
rElec   +          Harm     .    j - +1 cloak
rCorr   .          Rampage  .    d - +1 pair of gloves
Will    .....                    (no boots)
Stlth   ++                       m - amulet of the acrobat
HPRegen 0.26/turn                p - ring of protection from fire
MPRegen 0.10/turn                (no ring)

@: no status effects
A: sickness immunity, AC +4, negative energy resistance 1, electricity
resistance, torment resistance 1, petrification resistance
a: no special abilities


You were on level 4 of the Dungeon.
You visited 1 branch of the dungeon, and saw 5 of its levels.

You collected 294 gold pieces.
You spent 65 gold pieces at shops.

Inventory:

Hand Weapons
 a - a -1 heavy triple crossbow
 k - a +0 arbalest (weapon)
Missiles
 n - 2 throwing nets
Armour
 c - a +0 leather armour (worn)
 d - a +1 pair of gloves (worn)
 h - a +2 hat (worn)
 j - a +1 cloak (worn)
Jewellery
 m - an amulet of the acrobat (around neck)
 p - a ring of protection from fire (left hand)
Scrolls
 b - 2 scrolls of immolation
 g - a scroll of identify
 i - a scroll of noise
Potions
 e - 5 potions of curing
 f - 5 potions of attraction
 l - 2 potions of flight {unknown}


   Skills:
 - Level 2.1 Fighting
 + Level 9.0 Ranged Weapons
 - Level 1.5 Dodging
 - Level 1.1 Stealth


You had 6 spell levels left.
You didn't know any spells.
Your spell library contained the following spells:

 Spells                   Type           Power      Damage    Failure   Level
 Sandblast                Erth           0%         2d4       43%         1
 Passwall                 Tmut/Erth      0%         N/A       58%         2
 Dazzling Flash           Conj/Hex       0%         N/A       82%         3
 Stone Arrow              Conj/Erth      0%         3d7       82%         3
 Agony                    Necr           0%         N/A       100%        5
 Silence                  Hex/Air        0%         N/A       100%        5


Dungeon Overview and Level Annotations

Branches:
Dungeon (5/15)
 Temple: D:4-7

Altars:

Shops:
D:4 *

Annotations:
D:4 Pikel
D:5 1 runed translucent door, Aldia's ghost, amateur DgCj


Innate Abilities, Weirdness & Mutations

You are immune to sickness and miasma.
Your stone body is resilient. (AC +4)
You are immune to poison.
You resist negative energy. (rN+)
You are resistant to electric shocks. (rElec)
You are resistant to unholy torment.
You are immune to petrification.


Message History

Pikel says, "Hell isn't that bad."
Pikel hits you with a +2 whip of freezing.
Pikel freezes you.
* * * LOW HITPOINT WARNING * * *
The lemure hits you but does no damage. The lemure closely misses you.
Pikel hits you but does no damage. The lemure hits you but does no damage.
You shoot a bolt. The bolt barely misses Pikel.
Pikel barely misses you. The lemure hits you.
* * * LOW HITPOINT WARNING * * *
The lemure closely misses you.
You shoot a bolt. The bolt hits Pikel.
Pikel is lightly wounded.
Pikel closely misses you.
The lemure hits you but does no damage. x2
You shoot a bolt. The bolt hits Pikel.
Pikel is moderately wounded.
Pikel hits you with a +2 whip of freezing.
* * * LOW HITPOINT WARNING * * *
Pikel freezes you.
* * * LOW HITPOINT WARNING * * *
The lemure closely misses you. The lemure barely misses you.
The lemure closely misses you. Pikel hits you but does no damage.
The lemure barely misses you.
You shoot a bolt. The bolt hits Pikel but does no damage.
Pikel is moderately wounded.
Pikel barely misses you. The lemure barely misses you.
The lemure closely misses you.
You shoot a bolt. The bolt hits Pikel but does no damage.
Pikel is moderately wounded.
Pikel hits you but does no damage.
The lemure hits you but does no damage. x3
Pikel hits you but does no damage. The lemure hits you but does no damage.
You shoot a bolt. The bolt hits Pikel.
Pikel is moderately wounded.
Pikel hits you with a +2 whip of freezing.
* * * LOW HITPOINT WARNING * * *
Pikel freezes you.
* * * LOW HITPOINT WARNING * * *
The lemure hits you but does no damage. x2
You shoot a bolt. The bolt closely misses Pikel.
Pikel hits you with a +2 whip of freezing!
You die...

###.##.....#.## #....#
#. .##.#........#
####.#######
#.#........### #.#......
.)........########
#.#.##### ###.......#
#....# #...##### #
#.......# #.##.###
#......## ####.####
#......# ###...##.## ###
#..#5#.# #.....##.##
##..#@#.####(##.......
###...#5K..........#....
#.......#.####.###.#..##
#.......#.####.###.#....
#.........##.....#.#.##.
#.......####.....#.#.##.
#.......# #.....#......
###...### #.....####.##
##.## #.....# #.#


You could see Pikel and 2 lemures.

Vanquished Creatures
  A phantom (D:4)
  A lemure (D:4)
  A kobold brigand (D:4)
  2 scorpions
  The ghost of Barriton the Ruffian, a weakling DrTm (D:3)
  2 hounds (D:4)
  A jelly (D:3)
  2 iguanas
  An orc wizard (D:5)
  7 adders
  3 worms
  3 dart slugs
  14 orcs
  9 ball pythons
  6 bats
  8 endoplasms
  4 giant cockroaches
  12 hobgoblins
  2 jackals (D:5)
  2 quokkas
  5 frilled lizards
  8 goblins
  16 kobolds
  4 rats
  3 bushes (D:4)
118 creatures vanquished.

Vanquished Creatures (others)
  20 plants (D:4)
20 creatures vanquished.

Grand Total: 138 creatures vanquished

Notes
Turn   | Place    | Note
-------+----------+-------------------------------------------
     0 | D:1      | HoaS the Gargoyle Hunter began the quest for the Orb.
     0 | D:1      | Reached XP level 1. HP: 12/12 MP: 1/1
   138 | D:1      | Reached XP level 2. HP: 17/17 MP: 2/2
   749 | D:2      | Reached skill level 5 in Ranged Weapons
   749 | D:2      | Reached XP level 3. HP: 18/21 MP: 3/3
  1005 | D:2      | Reached XP level 4. HP: 19/26 MP: 4/4
  1454 | D:3      | Noticed a scorpion
  1524 | D:3      | Found a runed translucent gate.
  1524 | D:3      | Found a runed translucent gate.
  1525 | D:3      | Found a runed translucent gate.
  1528 | D:3      | Noticed Barriton's ghost (weakling DrTm)
  1675 | D:3      | Killed a scorpion
  1676 | D:3      | Reached skill level 6 in Ranged Weapons
  1676 | D:3      | Reached XP level 5. HP: 21/30 MP: 5/5
  2263 | D:3      | Killed Barriton's ghost
  2264 | D:3      | Reached skill level 7 in Ranged Weapons
  2264 | D:3      | Reached XP level 6. HP: 11/35 MP: 6/6
  2603 | D:4      | Found Rizus's Lightly-Used Armoury.
  2610 | D:4      | Bought a -1 triple crossbow for 65 gold pieces
  2774 | D:4      | Reached skill level 8 in Ranged Weapons
  2864 | D:4      | Reached XP level 7. HP: 40/40 MP: 7/7
  3398 | D:5      | Entered Level 5 of the Dungeon
  3419 | D:5      | Noticed Aldia's ghost (amateur DgCj)
  3420 | D:5      | Found a runed translucent door.
  3665 | D:5      | Reached skill level 9 in Ranged Weapons
  3741 | D:5      | Noticed Pikel
  3883 | D:4      | HP: 2/40 [Pikel/+2 whip of freezing (1)]
  3884 | D:4      | Slain by Pikel

Illustrated notes

Levels and vault maps discovered:
D:1:      spicycebolla_green_bress_n_ham, layout_basic
D:2:      layout_basic
D:3:      layout_basic, gammafunk_ghost_split
D:4:      layout_loops_cross, minmay_shop_damaged,
          chequers_serial_rivers_small_3, lexackson_kobold_supper
D:5:      layout_cave_pods, kennysheep_little_box,
          hellmonk_ghost_happy_afterlife, minmay_misc_feat_pillars,
          corner_web_ring, kennysheep_generic_room_9, uniq_pikel

Skill      XL: |  1  2  3  4  5  6  7 |
---------------+----------------------+-----
Ranged Weapons | 5 6 7 8 9 |  9.0
Fighting       | |  2.1
Dodging        | |  1.5
Stealth        | |  1.1

Action                     |  1- 3 |  4- 6 |  7- 9 || total
---------------------------+-------+-------+-------++-------
   Fire: Shortbow          |    86 |   148 |       ||   234
         Arbalest          |       |    49 |   186 ||   235
    Use: Scroll            |     2 |     8 |     3 ||    13
 Armour: Leather armour    |    12 |    60 |    32 ||   104
  Dodge: Dodged            |    26 |    73 |    45 ||   144

Table legend: (Time is in decaauts)
 A = Elapsed time spent in this place.
 B = Non-inter-level travel time spent in this place.
 C = Inter-level travel time spent in this place.
 D = Time resting spent in this place.
 E = Time spent auto-exploring this place.
 F = Levels seen in this place.
 G = Mean time per level.
                   A        B        C        D        E       F      G
               +--------+--------+--------+--------+--------+-----+--------+
         Total |   4064 |   3820 |    244 |    371 |   2487 |   5 |  812.8 |
       Dungeon |   4064 |   3820 |    244 |    371 |   2487 |   5 |  812.8 |
               +--------+--------+--------+--------+--------+-----+--------+

Top non-repeatable levels by time:
     D:4: 1248 daAuts
     D:3: 884 daAuts
     D:2: 817 daAuts
     D:1: 725 daAuts
     D:5: 388 daAuts
